 Dungeon Crawl Stone Soup version 0.29.1-15-g9cfb28693d (webtiles) character file.

Game seed: 15018363821038864897

1912 safid the Frost Mage (level 9, -1/71 HPs)
             Began as a Merfolk Ice Elementalist on Feb 23, 2023.
             Slain by an orc warrior
             ... wielding a +0 halberd
              (17 damage)
             ... in a bailey.
             The game lasted 00:23:50 (7858 turns).

safid the Frost Mage (Merfolk Ice Elementalist)     Turns: 7858, Time: 00:23:50

Health: -1/71      AC:  8    Str:  8    XL:     9   Next: 16%
Magic:  11/18      EV: 12    Int: 19    God:
Gold:   188        SH:  0    Dex: 14    Spells: 9/20 levels left

rFire   . . .      SeeInvis .   k - +3 dagger
rCold   . . .      Faith    .   (no shield)
rNeg    . . .      Spirit   .   y - +3 leather armour
rPois   +          Reflect  .   i - +0 helmet
rElec   .          Harm     .   (no cloak)
rCorr   .          Rampage  .   (no gloves)
Will    .....                   e - +0 pair of boots
Stlth   ++........              (no amulet)
HPRegen 0.21/turn               A - ring of poison resistance
MPRegen 0.16/turn               (no ring)

@: freezing walls
A: (nimble swimmer 2), mertail
a: no special abilities


You were in a bailey.
You visited 1 branch of the dungeon, and saw 7 of its levels.
You also visited: Bailey.

You collected 277 gold pieces.
You spent 89 gold pieces at shops.

Inventory:

Hand Weapons
 k - a +3 dagger (weapon)
Armour
 a - a +0 robe
 e - a +0 pair of boots (worn)
 i - a +0 helmet (worn)
 y - a +3 leather armour (worn)
Magical Staves
 c - a staff of poison
Jewellery
 A - a ring of poison resistance (left hand)
Wands
 s - a wand of polymorph (13)
 z - a wand of mindburst (19)
Scrolls
 d - 3 scrolls of enchant armour {unknown}
 h - a scroll of magic mapping {unknown}
 j - 6 scrolls of identify {unknown}
 l - a scroll of amnesia {unknown}
 m - 2 scrolls of torment {unknown}
 n - a scroll of teleportation {unknown}
 o - 2 scrolls of fog {unknown}
 q - 2 scrolls of brand weapon {unknown}
 u - a scroll of blinking {unknown}
 B - a scroll of noise {unknown}
 C - 2 scrolls of vulnerability {unknown}
Potions
 b - a potion of magic
 f - a potion of flight {unknown}
 g - 2 potions of heal wounds
 p - 2 potions of might {unknown}
 r - a potion of berserk rage {unknown}
 t - a potion of brilliance {unknown}
 v - 3 potions of curing
 w - a potion of degeneration
 x - a potion of haste {unknown}


   Skills:
 + Level 6.8 Fighting
 - Level 4.0 Dodging
 - Level 3.0 Stealth
 + Level 6.3 Spellcasting
 + Level 8.4 Ice Magic


You had 9 spell levels left.
You knew the following spells:

 Your Spells              Type           Power      Damage    Failure   Level
a - Freeze                Ice            100%       1d11      1%          1
b - Frozen Ramparts       Ice            76%        1d12      1%          3
c - Ozocubu's Armour      Ice            38%        N/A       1%          3
d - Hailstorm             Conj/Ice       22%        3d7       28%         4

Your spell library contained the following spells:

 Spells                   Type           Power      Damage    Failure   Level
 Foxfire                  Conj/Fire      24%        2x1d5     16%         1
 Conjure Flame            Conj/Fire      6%         6-21      43%         3
 Ignite Poison            Fire/Tmut/Pois 6%         N/A       43%         3
 Inner Flame              Hex/Fire       6%         N/A       43%         3
 Flame Wave               Conj/Fire      6%         2d5       85%         4
 Sticky Flame             Conj/Fire      6%         2d3       85%         4


Dungeon Overview and Level Annotations

Branches:
Dungeon (7/15)             Bailey (1/1)
 Temple: D:4-7

Altars:
Ashenzari
Gozag
Makhleb
Qazlal

Shops:
D:4 !(   D:5 :   D:7 !

Annotations:
D:5 1 runed translucent door, bnorton916's ghost, novice DEFE


Innate Abilities, Weirdness & Mutations

((You are very nimble when in or above water. (Stealth+, EV+, Speed+++)))
Your lower body shifts to a powerful aquatic tail in water.


Message History

There is an open door here.
The orc warrior hits you from afar with a +0 glaive!
There is an open door here.
You start resting.
An orc warrior is nearby!
Casting: Frozen Ramparts (safe; 1% risk of failure)
Confirm with . or Enter, or press ? or * to list all spells.
Casting: Frozen Ramparts (safe; 1% risk of failure)
Press: ? - help, Dir - look around, f - activate The walls around you are covered in ice.
The wall freezes the orc warrior!
The orc warrior barely misses you.
Unknown command.
Casting: Frozen Ramparts (safe; 1% risk of failure)
Confirm with . or Enter, or press ? or * to list all spells.
A film of ice covers your body!
The wall freezes the orc warrior.
The orc warrior hits you from afar with a +0 halberd.
The wall freezes the orc warrior.
The orc warrior barely misses you.
Unknown command.
The wall freezes the orc warrior.
The orc warrior closely misses you.
The wall freezes the orc warrior.
The orc warrior barely misses you.
The wall freezes the orc warrior but does no damage.
The orc warrior closely misses you.
The wall freezes the orc warrior!
The orc warrior misses you.
The wall freezes the orc warrior but does no damage.
The orc warrior barely misses you.
The frozen ramparts melt away.
The orc warrior hits you from afar with a +0 halberd!
The orc warrior hits you from afar with a +0 halberd!
Your icy armour will break if you move.
Continue?
Your icy armour cracks and falls away as you move.
The orc warrior hits you with a +0 halberd!
* * * LOW HITPOINT WARNING * * *
Casting: Ozocubu's Armour (safe; 1% risk of failure)
Confirm with . or Enter, or press ? or * to list all spells.
Casting: Frozen Ramparts (safe; 1% risk of failure)
Press: ? - help, Dir - look around, f - activate The walls around you are covered in ice.
The wall freezes the orc warrior but does no damage.
The orc warrior hits you with a +0 halberd!
You die...

#.$. .≈≈≈.§≈≈..##...##..~.#
##.## §§.....≈§..+#.##..~~.#
.#+# §...⌠...§≈..#+#..~~.##
.# ...⌠∩⌠......# #..~~.∩# ##
≈≈....o≈≈..# ##..~~.# #
.≈≈≈≈≈≈≈..# ##..~.#
.........# ##.~.#
###########+###o#########.~.#
.......##.....##@..)......~.#
~~~~~~..##.∩.##..~~~~~~~~~~.#
.....~~..## ##..~~..........#
####..~~..###..~~..##########
##..~~.....~~..##
##..~~~~~~~..## ##.........##
###########


You could see 2 orc warriors.

Vanquished Creatures
  Menkaure (D:5)
  Duvessa (D:5)
  2 orc warriors (Bailey)
  A black bear (D:4)
  2 ogres
  A bullfrog (D:7)
  2 necrophages
  6 scorpions
  Dowan (D:5)
  6 hounds
  A jelly (D:4)
  2 iguanas (D:5)
  Natasha (thrice) (D:2)
  2 orc wizards
  5 gnolls
  6 adders
  2 worms (D:3)
  3 dart slugs (D:5)
  26 orcs
  8 ball pythons
  12 endoplasms
  3 giant cockroaches
  12 goblins
  7 hobgoblins
  15 jackals
  5 kobolds
  5 quokkas
  9 bats
  2 frilled lizards
  7 rats
158 creatures vanquished.

Notes
Turn   | Place    | Note
-------+----------+-------------------------------------------
     0 | D:1      | safid the Merfolk Ice Elementalist began the quest for the
                  | Orb.
     0 | D:1      | Reached XP level 1. HP: 13/13 MP: 3/3
   101 | D:1      | Reached XP level 2. HP: 14/19 MP: 0/5
   896 | D:1      | Reached XP level 3. HP: 23/24 MP: 2/6
   905 | D:1      | Learned a level 3 spell: Frozen Ramparts
  1923 | D:2      | Noticed Natasha
  1937 | D:2      | Killed Natasha
  1938 | D:2      | Reached skill level 1 in Fighting
  1938 | D:2      | Reached XP level 4. HP: 28/32 MP: 2/7
  1942 | D:2      | Learned a level 3 spell: Ozocubu's Armour
  2818 | D:2      | Noticed Natasha
  2838 | D:2      | Killed Natasha
  2839 | D:2      | Reached skill level 5 in Ice Magic
  2839 | D:2      | Reached XP level 5. HP: 30/38 MP: 0/9
  2969 | D:2      | Noticed Natasha
  2982 | D:2      | Killed Natasha
  3213 | D:3      | Found a faded altar of an unknown god.
  3643 | D:3      | Reached XP level 6. HP: 30/46 MP: 3/11
  4039 | D:3      | Learned a level 4 spell: Hailstorm
  4353 | D:4      | Found Caklaj's Weapon Shop.
  4563 | D:4      | Found Soevam's Distillery.
  4686 | D:4      | Noticed a black bear
  4731 | D:4      | Killed a black bear
  4732 | D:4      | Reached skill level 6 in Ice Magic
  4732 | D:4      | Reached XP level 7. HP: 48/53 MP: 3/13
  4937 | D:4      | Bought a potion of degeneration for 11 gold pieces
  5310 | D:5      | Entered Level 5 of the Dungeon
  5521 | D:5      | Reached XP level 8. HP: 56/61 MP: 11/15
  5621 | D:5      | Found a burning altar of Makhleb.
  5624 | D:5      | Found a broken altar of Ashenzari.
  5628 | D:5      | Found Ibbimnapan's Vocational Training.
  5713 | D:5      | Reached skill level 5 in Fighting
  5713 | D:5      | Reached skill level 5 in Spellcasting
  5713 | D:5      | Reached skill level 7 in Ice Magic
  5802 | D:5      | Noticed Menkaure
  5852 | D:5      | Killed Menkaure
  6011 | D:5      | Noticed Dowan
  6011 | D:5      | Noticed Duvessa
  6021 | D:5      | Killed Dowan
  6029 | D:5      | Killed Duvessa
  6689 | D:5      | Found a runed translucent door.
  6694 | D:5      | Noticed bnorton916's ghost (novice DEFE)
  7010 | D:6      | You fall into a shaft and drop 1 floor!
  7019 | D:7      | Found Gumawkoff's Distillery.
  7023 | D:7      | Bought a potion of curing for 39 gold pieces
  7023 | D:7      | Bought a potion of curing for 39 gold pieces
  7153 | D:7      | Found a stormy altar of Qazlal.
  7154 | D:7      | Found an opulent altar of Gozag.
  7195 | D:7      | Reached skill level 8 in Ice Magic
  7221 | D:7      | Reached XP level 9. HP: 63/71 MP: 11/18
  7284 | D:7      | Found a flagged portal.
  7294 | Bailey   | Entered a bailey
  7858 | Bailey   | Slain by an orc warrior

Illustrated notes

Levels and vault maps discovered:
D:1:      grunt_arrival_crossed_arrows, layout_loops_cross
D:2:      layout_loops_corners, uniq_natasha
D:3:      layout_rooms, hellmonk_ecumenical_altar_heavens_door,
          cheibrodos_gnoll_hut
D:4:      cheibrodos_old_hovel, layout_cave_pools, serial_shops,
          nicolae_shop_bloodbath_and_beyond, nicolae_shop_window_shopping
D:5:      layout_loops_ring, grunt_temple_overflow_open,
          ebering_ghost_reflecting_pool, nicolae_shop_vocational, uniq_duvessa,
          uniq_menkaure
D:6:      nicolae_whirlpool, layout_loops_ring, gammafunk_temple_overflow_wave,
          temple_pool_b, serial_shops, nicolae_stop_n_shop_1,
          nicolae_benzene_ring
D:7:      layout_loops_corners, grunt_qazlal_sundering,
          nicolae_gozag_seed_capital, serial_shops, kennysheep_mini,
          enter_bailey_3
Bailey:   bailey_polearm_1, bailey

Skill      XL: |  1  2  3  4  5  6  7  8 |
---------------+-------------------------+-----
Dodging        | 3 4 |  4.0
Stealth        | 3 |  3.0
Fighting       | 1 2 3 4 6 |  6.8
Ice Magic      | 5 6 8 |  8.4
Spellcasting   | 3 4 6 |  6.3

Action                   |  1- 3 |  4- 6 |  7- 9 || total
-------------------------+-------+-------+-------++-------
Melee: Staff             |    25 |       |       ||    25
       Dagger            |     4 |   104 |    64 ||   172
       Punch             |     1 |     1 |     3 ||     5
 Cast: Freeze            |    57 |    32 |    46 ||   135
       Frozen Ramparts   |     1 |     6 |    27 ||    34
       Ozocubu's Armour  |       |     2 |     8 ||    10
       Hailstorm         |       |       |     4 ||     4
 Stab: Sleeping          |     3 |    13 |     3 ||    19
       Distracted        |       |     1 |       ||     1
Armor: Robe              |    23 |    25 |     8 ||    56
       Leather armour    |       |       |    19 ||    19
Dodge: Dodged            |    73 |    69 |    68 ||   210
